 Dungeon Crawl Stone Soup version 0.26.1-2-gb8aa6d0cf2 (webtiles) character file.

Game seed: 17465882514026946536

10061 DearestLeader the Impaler (level 11, -3/80 HPs)
             Began as a Merfolk Ice Elementalist on Mar 11, 2021.
             Was an Elder of Vehumet.
             Slain by an orc warrior
             ... wielding a +0 halberd
              (25 damage)
             ... in a bailey on Mar 12, 2021.
             The game lasted 00:28:07 (12662 turns).

DearestLeader the Impaler (MfIE)                   Turns: 12662, Time: 00:28:08

Health: -3/80      AC: 12    Str:  9    XL:     11   Next: 56%
Magic:  4/23       EV: 13    Int: 18    God:    Vehumet [****..]
Gold:   711        SH:  5    Dex: 14    Spells: 3/14 levels left

rFire    + . .     SeeInvis .   q - +3 halberd (vorpal)
rCold    + . .     Faith    .   (shield currently unavailable)
rNeg     + + .     Spirit   .   f - +5 ring mail "Luprev" {rC+ rN++ Will+ MP+9}
rPois    +         Reflect  +   m - +0 helmet
rElec    .         Harm     .   y - scarf {shadows}
rCorr    .         Rampage  .   t - +0 pair of gloves
Will     +....                  (no boots)
Stlth    +.........             F - amulet of reflection
HPRegen  0.23/turn              D - ring of poison resistance
MPRegen  0.18/turn              N - ring of protection from fire

@: no status effects
A: change form in water, swift swim, stealthy swim
a: Renounce Religion


You were in a bailey.
You worshipped Vehumet.
Vehumet was greatly pleased with you.
You visited 2 branches of the dungeon, and saw 12 of its levels.
You also visited: Bailey.

You collected 711 gold pieces.

Inventory:

Hand Weapons
 c - a +0 whip
 q - a +3 vorpal halberd (weapon)
 Q - a +1 trident of venom
Armour
 f - the +5 ring mail "Luprev" (worn) {rC+ rN++ Will+ MP+9}
   (You found it on level 4 of the Dungeon)

   It protects you from cold.
   It greatly protects you from negative energy.
   It affects your willpower, your defense against some magical effects.
   It affects your magic capacity (+9).
 m - a +0 helmet (worn)
 n - a +2 robe of cold resistance
 t - a +0 pair of gloves (worn)
 y - a scarf of shadows (worn)
Jewellery
 b - an uncursed ring of willpower
 o - an uncursed ring of protection from fire
 u - an uncursed ring of wizardry
 D - a ring of poison resistance (left hand)
 F - an amulet of reflection (around neck)
 I - an uncursed ring of magical power {unknown}
 J - an uncursed ring of fire
 N - a ring of protection from fire (right hand)
 R - an uncursed ring of protection from cold {unknown}
Wands
 a - a wand of disintegration (12)
 w - a wand of random effects (30)
 E - a wand of acid (13)
 K - a wand of digging (4)
Scrolls
 h - 4 scrolls of remove curse
 i - 4 scrolls of immolation
 k - 4 scrolls of blinking
 v - 3 scrolls of teleportation
 B - 3 scrolls of amnesia {unknown}
 C - 2 scrolls of fear {unknown}
 H - 2 scrolls of magic mapping {unknown}
 L - a scroll of silence {unknown}
 M - 2 scrolls of enchant armour {unknown}
 O - a scroll of fog {unknown}
 P - a scroll of summoning {unknown}
Potions
 d - 3 potions of degeneration {unknown}
 e - 3 potions of haste
 g - a potion of cancellation {unknown}
 j - 3 potions of mutation {unknown}
 l - 3 potions of flight {unknown}
 p - a potion of heal wounds
 r - 2 potions of berserk rage {unknown}
 s - a potion of invisibility {unknown}
 x - 2 potions of brilliance {unknown}
 z - 2 potions of curing {unknown}
 A - a potion of attraction {unknown}
 G - 2 potions of resistance {unknown}


   Skills:
 - Level 5.5 Fighting
 - Level 16.0 Polearms
 + Level 7.4 Dodging
 - Level 2.1 Stealth
 - Level 2.0 Spellcasting
 + Level 5.5 Summonings
 * Level 11.0 Ice Magic


You had 3 spell levels left.
You knew the following spells:

 Your Spells              Type           Power        Failure   Level
a - Freeze                Ice            80%          1%          1
b - Frozen Ramparts       Ice            40%          1%          3
c - Ozocubu's Armour      Ice            20%          1%          3
d - Summon Ice Beast      Ice/Summ       15%          17%         4

Your spell library contained the following spells:

 Spells                   Type           Power        Failure   Level
 Airstrike                Air            0%           73%         4
 Shock                    Conj/Air       0%           13%         1
 Hailstorm                Conj/Ice       10%          13%         4
 Yara's Violent Unravell  Hex/Tmut       0%           96%         5
 Cause Fear               Hex            0%           99%         4
 Silence                  Hex/Air        0%           100%        5
 Discord                  Hex            0%           100%        8


Dungeon Overview and Level Annotations

Branches:
Dungeon (11/15)            Temple (1/1) D:4            Lair (0/6) D:11
 Bailey (1/1)
    Orc: D:9-12

Altars:
Ashenzari
Cheibriados
Dithmenos
Elyvilon
Fedhas
Gozag
Hepliaklqana
Kikubaaqudgha
Makhleb
Nemelex Xobeh
Okawaru
Qazlal
Ru
Sif Muna
Trog
Uskayaw
Vehumet
Wu Jian
Xom
Yredelemnul
Zin
The Shining One
Lugonu

Shops:
D:6 *   D:10 *

Annotations:
D:7 2 transporters, Quickbrownfox's ghost, novice DsGl
D:9 2 transporters, lasso's ghost, novice DDFi


Message History

The orc warrior hits you from afar with a +0 halberd.
* * * LOW HITPOINT WARNING * * *
Your ice beast hits the orc warrior but does no damage.
The orc warrior closely misses your ice beast.
Unknown command.
Your ice beast hits the orc warrior but does no damage.
Your magical contamination has completely faded away.
The orc warrior misses you.
Your ice beast misses the orc warrior.
Your ice beast hits the orc warrior.
Your ice beast freezes the orc warrior!
The orc warrior closely misses you.
Your ice beast barely misses the orc warrior.
The orc warrior hits you from afar with a +0 halberd.
* * * LOW HITPOINT WARNING * * *
Your ice beast hits the orc warrior but does no damage.
The orc warrior misses your ice beast.
Your ice beast closely misses the orc warrior.
The orc warrior hits your ice beast with a +0 halberd!
Your ice beast closely misses the orc warrior.
The orc warrior hits you from afar with a +0 halberd!!
You die...

## ### ##.#
#########∩## ####
#.o.##.....##.∩.##....
#!..#.o≈≈≈..#.(.#..≈≈≈
#$..#.Y≈.≈≈....(..≈≈)≈
#...(o≈.@)≈((.....≈oo.
#$..#)≈≈(≈≈....)).≈≈o≈
#(..#..≈≈≈..#...#..≈≈≈
#...##.....##..(##....
##o# #########∩## ####
## ###


You could see an orc knight, an orc warrior (strong) and a friendly ice beast
(summoned).

Vanquished Creatures
  3 two-headed ogres (D:10)
  Erica (D:8)
  Pikel (D:5)
  A gargoyle (D:11)
  2 trolls (D:9)
  Grinder (D:3)
  Sigmund (D:2)
  Eustachio (D:5)
  Grum (D:10)
  A steam dragon (D:11)
  3 water moccasins
  2 sky beasts
  9 orc warriors
  A phantom (D:6)
  An eye of draining (D:10)
  4 ogres
  A necrophage (D:10)
  4 centaurs
  3 wolves (D:10)
  Blork the orc (D:4)
  3 bullfrogs (D:6)
  7 scorpions
  11 killer bees
  5 wights (D:6)
  4 howler monkeys
  A centaur zombie (D:7)
  A quasit (D:9)
  6 hounds
  A jelly (D:11)
  4 orc priests
  3 bullfrog skeletons
  3 centaur skeletons
  5 iguanas
  9 orc wizards
  15 worker ants
  A hound skeleton (D:4)
  A worker ant zombie (D:5)
  11 adders
  4 gnolls (D:3)
  4 shadow imps
  4 white imps
  2 ufetubi (D:6)
  An ooze (D:6)
  A worm (D:3)
  5 dart slugs
  10 leopard geckos
  45 orcs
  2 ball pythons
  3 giant cockroaches
  4 goblins
  5 hobgoblins
  13 jackals
  3 quokkas
  10 bats
  A frilled lizard (D:3)
  A giant cockroach zombie (D:5)
  A jackal zombie (D:2)
  5 kobolds
  7 rats
264 creatures vanquished.

Vanquished Creatures (others)
  A centaur (D:11)
  A plant (D:4)
2 creatures vanquished.

Grand Total: 266 creatures vanquished

Notes
Turn   | Place    | Note
-------+----------+-------------------------------------------
     0 | D:1      | DearestLeader the Merfolk Ice Elementalist began the quest
                  | for the Orb.
     0 | D:1      | Reached XP level 1. HP: 13/13 MP: 3/3
   232 | D:1      | Reached XP level 2. HP: 19/19 MP: 1/5
   352 | D:1      | Reached skill level 5 in Ice Magic
   638 | D:1      | Reached XP level 3. HP: 23/24 MP: 4/6
   643 | D:1      | Learned a level 3 spell: Frozen Ramparts
  1545 | D:2      | Found a hazy altar of Hepliaklqana.
  1546 | D:2      | Found a snail-covered altar of Cheibriados.
  1606 | D:2      | Reached XP level 4. HP: 30/30 MP: 7/7
  1610 | D:2      | Learned a level 3 spell: Ozocubu's Armour
  1617 | D:2      | Found an ornate altar of the Wu Jian Council.
  1730 | D:2      | Found a stormy altar of Qazlal.
  1790 | D:2      | Noticed Sigmund
  1904 | D:2      | Killed Sigmund
  1905 | D:2      | Reached XP level 5. HP: 9/35 MP: 0/8
  2208 | D:2      | Reached XP level 6. HP: 41/41 MP: 9/9
  2217 | D:2      | Found a burning altar of Makhleb.
  2508 | D:3      | Noticed Grinder
  2684 | D:4      | Got a fading ring mail
  2719 | D:4      | Identified the +5 ring mail "Luprev" {rC+ rN++ Will+ MP+9}
                  | (You found it on level 4 of the Dungeon)
  2779 | D:4      | Noticed Blork the orc
  2796 | D:4      | Killed Blork the orc
  3010 | D:4      | Found a staircase to the Ecumenical Temple.
  3017 | Temple   | Entered the Ecumenical Temple
  3143 | D:4      | Reached skill level 1 in Polearms
  3143 | D:4      | Reached XP level 7. HP: 17/46 MP: 10/10
  3707 | D:4      | Reached skill level 2 in Polearms
  3840 | D:4      | Reached skill level 3 in Polearms
  3847 | D:4      | Found a radiant altar of Vehumet.
  3853 | D:4      | Became a worshipper of Vehumet
  4037 | D:4      | Found a broken altar of Ashenzari.
  4473 | D:3      | Reached skill level 4 in Polearms
  4594 | D:3      | Found an opulent altar of Gozag.
  5024 | D:3      | Reached * piety under Vehumet
  5024 | D:3      | Offered knowledge of Magic Dart by Vehumet.
  5043 | D:3      | Reached skill level 5 in Polearms
  5093 | D:3      | Killed Grinder
  5094 | D:3      | Reached skill level 6 in Polearms
  5094 | D:3      | Reached XP level 8. HP: 53/53 MP: 11/11
  5323 | D:5      | Entered Level 5 of the Dungeon
  5441 | D:5      | Noticed Eustachio
  5456 | D:5      | Killed Eustachio
  5457 | D:5      | Reached skill level 7 in Polearms
  5457 | D:5      | Reached skill level 10 in Ice Magic
  5625 | D:5      | Reached skill level 8 in Polearms
  6018 | D:5      | Noticed Pikel
  6028 | D:5      | Killed Pikel
  6029 | D:5      | Reached skill level 10 in Polearms
  6029 | D:5      | Reached XP level 9. HP: 47/58 MP: 12/12
  6274 | D:6      | Found Odemuck's Serpentskin Sales.
  6284 | D:6      | Reached skill level 11 in Polearms
  6442 | D:6      | Reached skill level 1 in Fighting
  6622 | D:6      | Reached skill level 12 in Polearms
  6724 | D:6      | Reached ** piety under Vehumet
  6726 | D:6      | Offered knowledge of Sandblast by Vehumet.
  7365 | D:7      | Reached skill level 13 in Polearms
  7692 | D:7      | Identified the +1 robe of Peameddi {+Fly Int+4 Slay+3} (You
                  | found it on level 7 of the Dungeon)
  7722 | D:7      | Found an ancient bone altar of Kikubaaqudgha.
  7728 | D:7      | Found a bloodstained altar of Trog.
  7833 | D:7      | Found a transporter.
  7836 | D:7      | Found a transporter.
  7836 | D:7      | Noticed a queen bee
  7837 | D:7      | Noticed Quickbrownfox's ghost (novice DsGl)
  7886 | D:7      | Reached XP level 10. HP: 60/73 MP: 13/13
  8199 | D:8      | Noticed Erica
  8215 | D:8      | Killed Erica
  8216 | D:8      | Reached skill level 5 in Fighting
  8216 | D:8      | Reached skill level 14 in Polearms
  8479 | D:8      | Offered knowledge of Dazzling Flash by Vehumet.
  8636 | D:8      | Found a shadowy altar of Dithmenos.
  8747 | D:8      | Learned a level 4 spell: Summon Ice Beast
  9088 | D:8      | Reached *** piety under Vehumet
  9132 | D:8      | Offered knowledge of Static Discharge by Vehumet.
  9416 | D:9      | Reached skill level 15 in Polearms
  9416 | D:9      | Reached skill level 1 in Summonings
  9435 | D:9      | Found a transporter.
  9436 | D:9      | Noticed lasso's ghost (novice DDFi)
  9445 | D:9      | Found a transporter.
  9609 | D:9      | Found a hide-covered altar of Uskayaw.
  9624 | D:9      | Noticed a +0 dagger
  9625 | D:9      | Noticed a +0 hand axe
 10246 | D:10     | Entered Level 10 of the Dungeon
 10251 | D:10     | Reached **** piety under Vehumet
 10252 | D:10     | Reached skill level 5 in Dodging
 10267 | D:10     | Noticed Grum
 10288 | D:10     | Offered knowledge of Airstrike by Vehumet.
 10291 | D:10     | Killed Grum
 10467 | D:10     | Noticed a two-headed ogre
 10479 | D:10     | Killed a two-headed ogre
 10480 | D:10     | Reached skill level 16 in Polearms
 10480 | D:10     | Reached XP level 11. HP: 43/80 MP: 14/14
 10651 | D:10     | Found a shimmering blue altar of Sif Muna.
 10669 | D:10     | Identified Sif Muna's Incunabulum of Lightness
 11034 | D:10     | Noticed a two-headed ogre
 11047 | D:10     | Killed a two-headed ogre
 11246 | D:10     | Noticed a two-headed ogre
 11252 | D:10     | Killed a two-headed ogre
 11253 | D:10     | Reached skill level 5 in Summonings
 11475 | D:10     | Found Qiduwug's General Store.
 11701 | D:11     | Found a staircase to the Lair.
 12088 | D:11     | Found a flagged portal.
 12096 | Bailey   | Entered a bailey
 12096 | Bailey   | Noticed an orc knight
 12097 | Bailey   | Noticed an orc knight
 12618 | Bailey   | Noticed an orc knight
 12662 | Bailey   | Slain by an orc warrior

Illustrated notes

Levels and vault maps discovered:
D:1:      evilmike_arrival_crescent, layout_loops_ring, serial_glass,
          glass_columns_a, glass_columns_b, glass_columns_a, glass_columns_a,
          glass_columns_a, glass_columns_a
D:2:      layout_rooms, makhleb_blood_cavern_becter,
          chequers_temple_overflow_statue_of_worship,
          pdpol_wu_jian_five_deadly_venoms, nicolae_qazlal_eye_of_the_storm,
          st_stairs_1, uniq_sigmund
D:3:      layout_loops_ring, old_standard_altar, uniq_grinder
D:4:      layout_gridville, kennysheep_mini_moat, kennysheep_little_box,
          minmay_temple_entry_ruins, serial_bayou, serial_bayou_crossing,
          serial_bayou_shore_a, serial_bayou_lagoon_a, serial_bayou_pond_d,
          uniq_blork_the_orc
D:5:      layout_loops_ring, grunt_decor_one_mirror, grunt_ministairs_10,
          uniq_pikel, uniq_eustachio
D:6:      layout_basic, minivault_25, guppyfry_shop_venom
D:7:      layout_basic, grunt_temple_overflow_open, gammafunk_ghost_hive
D:8:      layout_gridville, special_room [special_room_orc],
          nicolae_dithmenos_shadow_blocks, uniq_erica
D:9:      layout_basic, dancing_weapons_uskayaw, gammafunk_ghost_arena
D:10:     layout_roguey, serial_shops, kennysheep_mini, led_sif_book, uniq_grum
D:11:     layout_roguey, lair_entry_dummy, enter_bailey_6
Temple:   kb_corrupted_temple
Bailey:   bailey_polearm_4, bailey

Skill      XL: |  1  2  3  4  5  6  7  8  9 10 11 |
---------------+----------------------------------+-----
Ice Magic      | 5 6 7 8 9 10 11 | 11.0
Polearms       | 1 6 10 13 16 | 16.0
Fighting       | 4 5 |  5.5
Dodging        | 3 6 7 |  7.4
Summonings     | 4 5 |  5.5
Stealth        | |  2.1
Spellcasting   | |  2.0

Action                   |  1- 3 |  4- 6 |  7- 9 | 10-12 || total
-------------------------+-------+-------+-------+-------++-------
Melee: Whip              |    20 |    35 |       |       ||    55
       Halberd           |       |     5 |   316 |   379 ||   700
 Cast: Freeze            |    40 |    14 |       |       ||    54
       Frozen Ramparts   |     2 |    10 |    10 |    15 ||    37
       Ozocubu's Armour  |       |     4 |     3 |     9 ||    16
       Summon Ice Beast  |       |       |       |     4 ||     4
Evoke: Wand              |       |     3 |       |     8 ||    11
  Use: Scroll            |       |     2 |     2 |     2 ||     6
       Potion            |       |       |       |     3 ||     3
 Stab: Sleeping          |     4 |     2 |     4 |     5 ||    15
       Distracted        |       |       |     1 |     2 ||     3
Armor: Robe              |    11 |    10 |       |       ||    21
       Ring mail         |       |     9 |   105 |    74 ||   188
Dodge: Dodged            |    41 |    35 |   108 |   132 ||   316
Block: Other             |       |       |    27 |    61 ||    88
       Reflection        |       |       |       |     9 ||     9
